Map: Efflorescence LE

Players

Koy

  • Race: Zerg Zerg
  • League: Master
  • Spawn Location: 6:00

Serralfanboy

  • Race: Zerg Zerg
  • League: Silver
  • Spawn Location: 9:00

qqq - Winner!

  • Race: Protoss Protoss
  • Spawn Location: 12:00

Massa - Winner!

  • Race: Terran Terran
  • League: Platinum
  • Spawn Location: 3:00

VOD

Have the link to the VOD?

Description

Time

  • Played on: Nov. 13, 2020, 5:51 p.m.
  • Length: 16:41
Show
View Real Time Build Order
Export as new Build Order

Koy Zerg 

Build Orders: Hatch First, Lurkers 

Get SALT Encoding   

  12  0:00  Drone  
  13  0:15  Overlord  
  13  0:24  Drone  
  14  0:35  Drone x2  
  16  0:53  Hatchery  
  15  0:57  Drone  
  15  1:00  Drone  
  17  1:06  Drone  
  18  1:14  Extractor  
  17  1:20  Spawning Pool  
  17  1:23  Drone  
  17  1:36  Drone  
  17  1:38  Drone  
  19  1:47  Drone  
  20  1:59  Drone  
  21  2:06  Drone x2  
  23  2:16  Hatchery  
  23  2:19  Queen  
  23  2:22  Drone x2  
  26  2:28  Metabolic Boost  
  26  2:32  Zergling x2  
  27  2:37  Overlord  
  27  2:44  Zergling x2  
  28  2:55  Queen  
  30  3:10  Overlord x2  
  30  3:17  Roach Warren  
  29  3:25  Spine Crawler  
  28  3:31  Zergling x10  
  28  3:32  Zergling x6  
  28  3:33  Zergling x2  
  37  3:53  Zergling x6  
  37  4:11  Roach x4  
  38  4:28  Roach x5  
  38  4:29  Queen  
  42  4:42  Queen  
  44  4:52  Overlord x2  
  44  5:12  Drone x6  
  50  5:18  Queen  
  52  5:38  Lair  
  52  5:49  Extractor x2  
  50  5:53  Drone x10  
  60  6:05  Overlord x2  
  60  6:11  Hatchery  
  59  6:19  Zergling x2  
  60  6:40  Glial Reconstitution  
  60  6:45  Nydus Network  
  60  6:46  Drone x2  
  60  6:47  Drone  
  62  6:48  Drone x3  
  65  7:00  Queen  
  67  7:07  Overlord  
  67  7:08  Overlord x2  
  69  7:22  Roach  
  69  7:23  Roach x6  
  69  7:26  Roach x2  
  85  7:31  Queen  
  87  8:03  Roach x9  
  105  8:06  Overlord x4  
  105  8:21  Drone  
  106  8:27  Evolution Chamber  
  106  8:28  Evolution Chamber  
  106  8:29  Spore Crawler  
  106  8:31  Spore Crawler x2  
  106  8:33  Drone x8  
  106  8:34  Drone, Spore Crawler  
  109  8:50  Spore Crawler  
  109  8:51  Spore Crawler  
  109  8:55  Zerg Missile Weapons Level 1, Zerg Ground Armor Level 1  
  107  9:11  Overseer x2  
  107  9:17  Drone  
  107  9:18  Drone x10  
  107  9:21  Extractor  
  107  9:22  Extractor  
  112  9:32  Hydralisk Den  
  112  9:33  Hatchery  
  108  9:41  Queen x2  
  110  9:57  Drone x2  
  110  9:58  Drone x6  
  110  9:59  Baneling Nest  
  115  10:16  Muscular Augments  
  115  10:19  Lurker Den  
  114  10:26  Queen  
  114  10:27  Queen  
  118  10:36  Overlord x3  
  118  10:37  Overlord  
  118  10:47  Hydralisk x5  
  128  10:54  Queen  
  130  11:07  Overlord x3  
  130  11:08  Overlord x2  
  130  11:09  Pneumatized Carapace  
  130  11:22  Overlord  
  130  11:23  Overlord x3  
  130  11:27  Grooved Spines  
  130  11:28  Hydralisk  
  130  11:29  Hydralisk x3  
  136  11:45  Hydralisk  
  136  11:46  Hydralisk x5  
  148  11:50  Lurker x4  
  148  11:51  Lurker  
  151  11:57  Hydralisk x2  
  137  12:13  Hydralisk x6  
  132  12:27  Zerg Missile Weapons Level 2  
  130  12:30  Extractor  
  130  12:35  Hatchery, Zerg Ground Armor Level 2  
  128  12:45  Drone x6  
  128  12:46  Drone x3  
  137  13:05  Centrifical Hooks  
  127  13:15  Hydralisk x8  
  137  13:31  Lurker x3  
  137  13:32  Lurker x2  
  137  13:33  Zergling x18  
  151  13:35  Overlord  
  151  13:45  Overseer  
  151  13:46  Overseer x2  
  151  13:48  Queen  
  151  13:53  Drone x6  
  151  13:54  Drone x2  
  161  14:09  Spire  
  160  14:19  Infestation Pit  
  150  14:54  Hydralisk x9  
  126  15:16  Zergling x28  
  114  15:34  Hydralisk  
  114  15:35  Hydralisk x17  
  129  15:37  Baneling x4  
  129  15:38  Baneling  
  129  15:39  Baneling x3  
  129  15:41  Baneling x9  
  129  15:42  Baneling  
  149  15:48  Extractor  
  149  15:49  Extractor  
  147  15:50  Overlord x4  
  141  16:10  Hydralisk x5  
  141  16:11  Hydralisk  
Show
View Real Time Build Order
Export as new Build Order

Serralfanboy Zerg 

Build Orders: Hatch First 

Get SALT Encoding   

  12  0:01  Drone  
  13  0:13  Overlord  
  13  0:22  Drone  
  14  0:32  Drone  
  15  0:40  Drone x2  
  17  0:47  Drone  
  18  1:06  Extractor  
  18  1:07  Drone  
  18  1:10  Hatchery, Drone  
  18  1:21  Spawning Pool  
  18  1:25  Drone  
  18  1:39  Drone  
  19  1:52  Drone x2  
  21  2:17  Drone  
  21  2:19  Overlord  
  21  2:21  Queen  
  24  2:23  Queen  
  26  2:30  Roach Warren  
  26  2:34  Drone x3  
  28  2:48  Overlord  
  28  2:57  Drone  
  28  2:58  Drone x2  
  30  2:59  Drone  
  32  3:11  Zergling x4  
  32  3:12  Metabolic Boost  
  34  3:16  Zergling x4  
  36  3:41  Zergling x16  
  29  4:10  Zergling x2  
  29  4:11  Zergling x20  
  30  4:44  Zergling x12  
  35  4:51  Overlord  
  35  5:08  Queen, Evolution Chamber  
  35  5:09  Drone x2  
  35  5:10  Drone x3  
  41  5:35  Zerg Melee Weapons Level 1  
  41  5:46  Extractor  
  41  5:48  Overlord x3  
  41  5:49  Overlord  
  40  6:06  Queen  
  37  6:43  Zergling x2  
  37  6:44  Zergling x24  
  50  7:02  Drone  
  50  7:03  Drone x4  
  55  7:13  Lair  
  55  7:23  Drone  
  55  7:24  Drone x3  
  59  7:59  Zerg Ground Armor Level 1  
  59  8:18  Pneumatized Carapace  
  59  8:33  Spore Crawler  
  58  8:37  Spore Crawler  
  58  8:39  Hatchery  
  58  8:41  Spore Crawler  
  55  8:42  Extractor  
  55  8:44  Spore Crawler  
  53  8:56  Glial Reconstitution  
  53  8:58  Overlord  
  53  8:59  Overlord x2  
  53  9:28  Hydralisk Den  
  50  9:43  Queen  
  52  9:54  Zerg Missile Weapons Level 1  
  52  10:02  Grooved Spines  
  52  10:04  Hydralisk, Zergling x2  
  52  10:05  Hydralisk x13  
  81  10:07  Overlord x2  
  81  10:25  Queen  
  83  10:35  Extractor, Queen  
  82  10:40  Overseer x2  
  84  10:57  Zergling x2  
  84  10:58  Zergling x24  
  84  11:03  Baneling Nest  
  96  11:13  Muscular Augments  
  94  11:49  Centrifical Hooks  
  94  11:51  Zerg Missile Weapons Level 2  
  88  12:02  Queen  
  64  12:38  Queen  
  66  13:02  Hydralisk x4  
  66  13:03  Hydralisk x4  
  66  13:05  Overlord x3  
  82  13:27  Drone  
  82  13:28  Drone x9  
  92  14:10  Zerg Ground Armor Level 2  
  92  14:19  Infestation Pit  
  91  14:31  Zergling x2  
  91  14:32  Zergling x26  
  61  15:29  Hydralisk  
  61  15:30  Hydralisk x8  
  79  15:37  Hydralisk x5  
  79  15:38  Hydralisk x8  
  103  15:48  Baneling  
  103  15:49  Baneling x13  
  102  15:50  Baneling x3  
  102  15:51  Baneling  
Show
View Real Time Build Order
Export as new Build Order

qqq Protoss - Winner!

Build Orders: Carriers 

Get SALT Encoding   

  12  0:01  Probe  
  13  0:18  Probe  
  14  0:23  Pylon  
  14  0:30  Probe  
  15  0:43  Probe, Gateway  
  16  0:55  Probe  
  17  1:02  Gateway  
  17  1:07  Probe  
  17  1:09  Pylon  
  18  1:22  Gateway  
  18  1:31  Zealot (Chrono Boost)  
  19  1:45  Pylon  
  19  1:53  Zealot (Chrono Boost)  
  23  1:54  Zealot (Chrono Boost)  
  23  2:08  Zealot (Chrono Boost)  
  25  2:18  Gateway  
  25  2:20  Zealot (Chrono Boost)  
  25  2:21  Zealot (Chrono Boost)  
  29  2:26  Zealot  
  31  2:43  Zealot  
  33  2:45  Zealot  
  35  2:53  Zealot  
  37  3:10  Zealot  
  39  3:19  Pylon  
  39  3:21  Pylon  
  39  3:37  Probe, Zealot x3  
  39  3:39  Zealot  
  48  4:04  Zealot x2  
  46  4:21  Zealot  
  46  4:22  Zealot  
  40  4:32  Zealot x2  
  36  4:48  Zealot  
  36  4:49  Zealot  
  40  4:58  Nexus  
  40  4:59  Assimilator  
  40  5:01  Probe  
  41  5:09  Assimilator  
  41  5:13  Probe  
  42  5:21  Cybernetics Core  
  42  5:25  Probe  
  39  5:37  Probe  
  40  5:49  Probe (Chrono Boost)  
  41  5:50  Forge  
  41  5:59  Probe (Chrono Boost)  
  42  6:04  Probe (Chrono Boost)  
  42  6:10  Stargate  
  43  6:13  Probe (Chrono Boost)  
  43  6:16  Probe (Chrono Boost)  
  45  6:23  Probe (Chrono Boost)  
  45  6:24  Probe (Chrono Boost)  
  47  6:39  Probe (Chrono Boost)  
  49  6:40  Probe (Chrono Boost)  
  49  6:45  Stargate  
  49  6:46  Assimilator  
  49  6:50  Assimilator  
  49  6:52  Probe (Chrono Boost)  
  50  6:57  Probe (Chrono Boost)  
  51  7:03  Phoenix (Chrono Boost)  
  51  7:05  Probe  
  54  7:10  Probe  
  54  7:12  Pylon  
  54  7:14  Pylon  
  55  7:25  Phoenix (Chrono Boost)  
  55  7:26  Probe (Chrono Boost)  
  58  7:31  Phoenix  
  58  7:35  Probe (Chrono Boost)  
  61  7:43  Phoenix  
  63  7:45  Photon Cannon  
  63  7:56  Phoenix  
  65  8:04  Probe x2  
  67  8:16  Probe x2  
  67  8:17  Phoenix  
  71  8:28  Probe  
  71  8:29  Probe  
  73  8:40  Probe, Nexus  
  74  8:43  Pylon  
  74  8:46  Pylon  
  74  8:52  Fleet Beacon  
  74  9:07  Photon Cannon  
  74  9:09  Protoss Air Weapons Level 1  
  74  9:27  Phoenix x2  
  78  9:52  Phoenix  
  78  9:53  Probe  
  78  9:54  Photon Cannon  
  78  9:57  Shield Battery  
  81  10:06  Probe  
  82  10:12  Anion Pulse-Crystals  
  82  10:13  Carrier  
  88  10:18  Probe, Carrier  
  95  10:27  Photon Cannon  
  95  10:30  Probe (Chrono Boost)  
  95  10:31  Pylon  
  95  10:32  Photon Cannon  
  96  10:42  Probe (Chrono Boost)  
  97  10:47  Probe (Chrono Boost)  
  98  10:56  Probe  
  99  11:08  Probe  
  100  11:23  Carrier x2  
  106  11:45  Photon Cannon  
  106  11:47  Photon Cannon  
  106  11:48  Pylon  
  106  11:56  Nexus  
  106  11:59  Pylon  
  106  12:00  Pylon  
  106  12:02  Pylon  
  104  12:27  Carrier x2  
  100  12:37  Stargate  
  100  12:43  Nexus  
  100  12:46  Shield Battery  
  100  12:47  Photon Cannon  
  100  12:50  Protoss Air Armor Level 1  
  100  12:53  Pylon  
  100  12:56  Photon Cannon  
  100  12:59  Photon Cannon  
  100  13:04  Photon Cannon  
  100  13:06  Photon Cannon  
  100  13:09  Photon Cannon, Shield Battery  
  100  13:12  Probe x2  
  102  13:24  Probe x2, Tempest  
  109  13:31  Carrier  
  115  13:36  Probe x2  
  115  13:37  Carrier  
  123  13:48  Probe x2  
  125  14:08  Carrier  
  131  14:35  Robotics Facility  
  131  14:36  Carrier  
  131  14:37  Pylon  
  131  14:38  Probe x3  
  139  14:41  Carrier, Pylon  
  139  14:44  Pylon  
  146  14:46  Pylon  
  146  14:50  Probe x2  
  146  15:02  Probe  
  144  15:12  Carrier  
  142  15:34  Probe x2  
  144  15:37  Assimilator  
  144  15:41  Assimilator  
  150  15:46  Probe  
  150  15:47  Probe  
  158  15:51  Nexus  
  166  15:58  Probe  
  166  15:59  Probe  
  155  16:39  Pylon  
Show
View Real Time Build Order
Export as new Build Order

Massa Terran - Winner!

Build Orders:  

Get SALT Encoding   

  12  0:00  SCV  
  13  0:12  SCV  
  14  0:24  SCV, Supply Depot  
  15  0:31  Refinery  
  15  0:46  SCV  
  15  0:48  Barracks  
  16  0:58  SCV  
  17  1:06  Supply Depot  
  17  1:17  SCV  
  17  1:18  Barracks  
  18  1:29  SCV  
  19  1:33  Barracks  
  19  1:41  Marine  
  20  1:48  Orbital Command  
  20  1:59  Marine  
  21  2:07  Supply Depot  
  21  2:08  Marine  
  22  2:16  Marine  
  22  2:20  Barracks Tech Lab  
  23  2:25  Marine  
  24  2:33  Factory  
  24  2:34  Marine  
  25  2:39  Marine  
  25  2:43  Marine  
  27  2:51  Stimpack  
  27  2:52  Marine  
  27  2:56  Marine  
  29  3:01  Marine  
  30  3:10  Marine  
  31  3:14  Marine  
  31  3:17  Factory Tech Lab  
  31  3:19  Marine  
  33  3:28  Marine  
  33  3:32  Marine  
  35  3:37  Marine  
  36  3:46  Marine  
  37  3:50  Marauder  
  39  4:08  Marine x2  
  38  4:16  Supply Depot  
  39  4:17  Marauder  
  37  4:26  Marine x2  
  38  4:33  Siege Tank  
  38  4:36  SCV  
  38  4:38  Marine  
  34  4:43  Marine  
  34  4:44  Marine, Command Center  
  34  4:48  SCV  
  34  4:50  Concussive Shells  
  35  4:56  Marauder  
  37  5:06  Refinery  
  37  5:08  Command Center  
  37  5:14  SCV  
  38  5:16  Marine  
  39  5:26  SCV  
  40  5:33  Marauder, Marine x2  
  44  5:39  SCV  
  45  5:44  Combat Shield  
  45  5:51  Barracks Reactor, SCV  
  45  5:56  Marauder  
  48  6:00  Supply Depot  
  48  6:03  SCV  
  49  6:05  Supply Depot  
  49  6:12  Marine  
  49  6:17  Marauder  
  49  6:18  SCV x2  
  54  6:21  SCV  
  55  6:49  Barracks Reactor  
  55  6:56  Orbital Command  
  55  6:57  Orbital Command  
  55  6:58  SCV  
  56  7:04  Engineering Bay  
  56  7:06  Marine  
  56  7:07  Marine x3  
  60  7:10  SCV  
  60  7:12  Cyclone  
  64  7:18  Refinery  
  64  7:22  SCV x2  
  65  7:24  Marine x2  
  65  7:25  Marauder  
  70  7:34  SCV  
  70  7:35  SCV, Sensor Tower  
  72  7:47  Marauder, Marine x2  
  76  7:57  SCV  
  76  7:58  SCV x2  
  79  7:59  Barracks Tech Lab  
  79  8:08  Marauder  
  79  8:09  Refinery, SCV  
  79  8:10  SCV x2, Siege Tank  
  79  8:12  Supply Depot  
  87  8:22  SCV x2  
  87  8:23  Terran Infantry Weapons Level 1  
  87  8:26  Orbital Command, Armory  
  89  8:34  SCV x2  
  91  8:42  Siege Tank  
  91  8:45  Orbital Command  
  91  8:46  SCV x2  
  97  8:58  SCV x2  
  97  9:17  Sensor Tower  
  97  9:31  Siege Tank  
  100  9:38  SCV  
  101  9:47  Supply Depot  
  101  9:48  Supply Depot  
  101  9:49  Supply Depot  
  101  9:50  Supply Depot  
  101  9:53  Starport  
  101  10:07  Engineering Bay  
  101  10:08  Marine  
  101  10:09  SCV x3, Marauder x2  
  101  10:10  Marine, Siege Tank  
  101  10:11  Supply Depot  
  101  10:13  Supply Depot x2  
  113  10:15  Supply Depot  
  113  10:16  Barracks x2  
  113  10:17  Terran Infantry Armor Level 1, Barracks  
  113  10:21  SCV  
  114  10:35  Supply Depot  
  114  10:40  Command Center  
  114  10:45  Marauder x2, Marine  
  114  10:46  Marine  
  114  10:48  Starport Reactor  
  120  10:53  Command Center  
  120  10:59  Supply Depot  
  120  11:02  Supply Depot  
  120  11:03  Marine x2, Supply Depot  
  122  11:06  Marauder  
  122  11:07  Marauder  
  126  11:22  Supply Depot  
  126  11:23  Barracks Reactor, Barracks Tech Lab  
  126  11:24  Barracks Tech Lab, Supply Depot  
  126  11:29  Marine  
  126  11:30  Marauder x2, Marine  
  126  11:31  Siege Tank  
  135  11:37  Medivac x2  
  139  11:47  Marine x2  
  139  11:51  Marauder x2  
  137  12:05  Marine  
  91  12:12  Marauder x4, Marine x3  
  91  12:14  Siege Tank  
  81  12:19  Planetary Fortress  
  81  12:20  Planetary Fortress  
  81  12:23  Marine  
  82  12:30  Marine x3, Medivac  
  82  12:31  Medivac  
  82  12:33  Marauder x2  
  82  12:34  Marauder x2  
  82  12:35  SCV x3  
  100  12:46  Siege Tank  
  100  12:47  SCV x3  
  106  12:54  Refinery, Marauder x2  
  106  12:57  Refinery  
  110  12:59  SCV  
  109  13:09  Command Center  
  109  13:23  SCV  
  109  13:24  SCV x3  
  113  13:35  Sensor Tower  
  113  13:36  SCV x4  
  113  13:39  Terran Infantry Armor Level 2, Terran Infantry Weapons Level 2  
  117  13:41  Terran Vehicle Weapons Level 1  
  117  13:46  Armory  
  117  13:51  Marauder x3  
  117  13:52  Marauder, Marine  
  117  13:53  Marine x3  
  129  14:10  Marine x2  
  129  14:13  Marauder x4  
  136  14:25  Marine  
  136  14:26  Marine  
  136  14:28  Marine x2  
  136  14:29  Siege Tank  
  143  14:34  Marauder x4  
  151  14:43  Marine  
  152  14:47  Medivac x2  
  156  14:55  Marauder  
  155  15:01  Siege Tank  
  145  15:17  Medivac  
  134  15:32  Marauder x4, Marine  
  134  15:33  Marine x3  
  134  15:34  Planetary Fortress  
  147  15:35  SCV x2  
  147  15:36  SCV x2  
  150  15:47  SCV  
  150  15:48  SCV x3  
  154  15:50  Marine  
  154  15:51  Marine x3  
  154  15:53  Marauder  
  154  15:54  Marauder x3  
  166  16:00  SCV  
  159  16:08  Marine x4  
  149  16:15  Marauder x4  
Tags
 
Add a new tag
Caveats
  • Supply blocks, unpowered buildings, or Contaminate may cause inaccurate times.
  • Supply counts are checked every 10 seconds.